 Dungeon Crawl Stone Soup version 0.31-a0-174-g85c54bcb58 (webtiles) character file.

Game seed: 10446006387484488114

2205 qw the Skirmisher (level 9, -6/90 HPs)
             Began as a Naga Hunter on June 15, 2023.
             Was an Initiate of Okawaru.
             Mangled by a hornet (9 damage)
             ... on level 7 of the Dungeon.
             The game lasted 00:02:54 (7210 turns).

qw the Skirmisher (Naga Hunter)                     Turns: 7210, Time: 00:02:54

Health: -6/90      AC:  7    Str: 19    XL:     9   Next: 34%
Magic:  9/9        EV: 10    Int:  8    God:    Okawaru [......]
Gold:   122        SH:  0    Dex: 17    Spells: 8/8 levels left

rFire   . . .        Y - +0 shortbow
rCold   . . .        (shield currently unavailable)
rNeg    . . .        c - +0 leather armour
rPois   +            (no helmet)
rElec   .            (no cloak)
rCorr   .            d - +0 pair of gloves
SInv    +            (no barding)
Will    ++...        (no amulet)
Stlth   ++           l - ring of willpower
HPRegen 0.35/turn    (no ring)
MPRegen 0.11/turn

%: no passive effects
@: lethally poisoned (-6 -> -13), about to teleport, short of breath, very slow
A: AC +3, large, see invisible, deformed body, poison resistance, slowness 2,
spit poison 1, naga tail 1, iridescent scales 1, robust 1, strong 1
a: Spit Poison, Renounce Religion


You were on level 7 of the Dungeon.
You worshipped Okawaru.
Okawaru was noncommittal.
You visited 2 branches of the dungeon, and saw 8 of its levels.
You also visited: Sewer.

You collected 352 gold pieces.
You spent 230 gold pieces at shops.


Innate Abilities, Weirdness & Mutations

Your serpentine skin is tough. (AC +3)
You have supernaturally acute eyesight. (SInv)
Armour fits poorly on your strangely shaped body.
Your system is resistant to poisons. (rPois)
You cover ground very slowly.
You can spit poison.
You have a snake-like lower body.
You are partially covered in iridescent scales. (AC +2)
You are robust. (+10% HP)
Your muscles are strong. (Str +4, Int/Dex -1)


   Skills:
 - Level 6.2 Fighting
 + Level 9.7 Ranged Weapons
 - Level 1.3 Armour
 - Level 3.2 Dodging
 - Level 1.5 Stealth


You had 8 spell levels left.
You didn't know any spells.
Your spell library was empty.

Inventory:

Hand Weapons
 Y - a +0 shortbow (weapon)
Armour
 c - a +0 leather armour (worn)
 d - a +0 pair of gloves (worn)
Jewellery
 l - a ring of willpower (left hand)
Scrolls
 a - a scroll of identify
 o - a scroll of teleportation
Potions
 b - a potion of resistance
 h - a potion of curing
 i - 2 potions of haste
 k - a potion of mutation
 m - a potion of might

Dungeon Overview and Level Annotations

Branches:
Dungeon (7/15)             Temple (1/1) D:6           Sewer (visited)

Altars:
Ashenzari
Dithmenos
Elyvilon
Fedhas
Gozag
Hepliaklqana
Kikubaaqudgha
Makhleb
Nemelex Xobeh
Okawaru
Qazlal
Ru
Trog
Uskayaw
Vehumet
Wu Jian
Xom
Yredelemnul
Zin

Shops:
D:5 ((![=


Message History

The hornet stings you.
The orc wizard hits you but does no damage.
The orc wizard barely misses you.
You shoot an arrow. The arrow closely misses the hornet.
The hornet stings you! The orc wizard closely misses you.
The orc wizard hits you with a +0 dagger.
You shoot an arrow. The arrow closely misses the hornet.
The hornet stings you but does no damage.
The hornet stings you!
The orc wizard hits you but does no damage.
The orc wizard misses you.
You shoot an arrow.
The arrow hits the hornet but does no damage.
The hornet stings you!
The orc wizard hits you but does no damage. x2
You shoot an arrow. The arrow barely misses the hornet.
The hornet stings you!
You feel yourself slow down. The hornet stings you!
7208 ||| READING 2 scrolls of teleportation.
As you read the scroll of teleportation, it crumbles to dust.
You feel strangely unstable. The orc wizard closely misses you.
The hornet closely misses you.
The orc wizard hits you but does no damage. x3
The hornet stings you.
7209 ||| DRINKING potion of heal wounds.
You feel much better.
You feel yourself speed up.
You have got your breath back.
The hornet stings you.
You are poisoned.
The orc wizard casts a spell at you.
The magic dart hits you but does no damage.
The orc wizard gestures at you while chanting.
The puff of flame hits you. The hornet stings you!
7210 ||| INVOKING Spit Poison.
Aiming: Spit Poison (1% risk of failure)
Press: ? - help, Shift-Dir - straight line, f/p - hornet The splash of poison hits the hornet but does no damage.
You feel very sick. The hornet stings you!
You die...

### ### . #..## ##.#
.. #...###..##
...##.........# ###
.............###..###
...........<........#
...oo)..l..........#
.#.....#oy.......#
##....#@o...##..#
......##....##..##
...... #........###
..#### #......#...##
# .....##.##...####
.....#.#..##...#.#
....##....###..#.###
##.. .##.#........#
.. #..........#


You could see a hornet, an iguana and 2 orc wizards.

Vanquished Creatures
  2 black bears
  4 ice beasts
  3 phantoms
  2 bullfrogs (Sewer)
  3 scorpions
  A howler monkey (D:6)
  2 hounds
  2 gnoll boudas
  3 orc priests
  4 iguanas
  7 orc wizards
  2 sleepcaps (D:5)
  Natasha (thrice) (D:3)
  13 gnolls
  20 adders
  7 river rats (Sewer)
  2 worms
  9 orcs
  6 bats
  6 endoplasms
  2 giant cockroaches
  6 goblins
  4 hobgoblins
  5 jackals
  5 quokkas
  17 ball pythons
  4 frilled lizards
  5 kobolds
  22 rats
171 creatures vanquished.

Notes
Turn   | Place    | Note
-------+----------+-------------------------------------------
     0 | D:1      | qw the Naga Hunter began the quest for the Orb.
     0 | D:1      | Reached XP level 1. HP: 19/19 MP: 1/1
     0 | D:1      | 0 ||| qw: Version: 0.2-a-29-g511e9b1
     0 | D:1      | 0 ||| qw: Game counter: 5504
     0 | D:1      | 0 ||| qw: Always use a shield: true
     0 | D:1      | 0 ||| qw: God list: Okawaru
     0 | D:1      | 0 ||| qw: Allow faded altars: false
     0 | D:1      | 0 ||| qw: Do Orc after D:15 true
     0 | D:1      | 0 ||| qw: Do second Lair branch before Depths: true
     0 | D:1      | 0 ||| qw: Lair rune preference: random
     0 | D:1      | 0 ||| qw: Plans: Normal
     0 | D:1      | 0 ||| PLANNING D:1-11
     5 | D:1      | 5 ||| INVOKING Spit Poison.
    10 | D:1      | 10 ||| FLEEEEING.
    11 | D:1      | 11 ||| FLEEEEING.
    12 | D:1      | 12 ||| FLEEEEING.
    13 | D:1      | 13 ||| FLEEEEING.
    14 | D:1      | 14 ||| INVOKING Spit Poison.
    18 | D:1      | 18 ||| INVOKING Spit Poison.
    83 | D:1      | 83 ||| INVOKING Spit Poison.
    92 | D:1      | 92 ||| INVOKING Spit Poison.
    95 | D:1      | 95 ||| INVOKING Spit Poison.
   201 | D:1      | Reached skill level 4 in Ranged Weapons
   201 | D:1      | Reached XP level 2. HP: 26/26 MP: 2/2
   224 | D:1      | 224 ||| INVOKING Spit Poison.
   250 | D:1      | 250 ||| INVOKING Spit Poison.
   256 | D:1      | 256 ||| INVOKING Spit Poison.
   341 | D:1      | 341 ||| INVOKING Spit Poison.
   350 | D:1      | 350 ||| INVOKING Spit Poison.
   354 | D:1      | 354 ||| INVOKING Spit Poison.
   358 | D:1      | 358 ||| INVOKING Spit Poison.
   361 | D:1      | 361 ||| INVOKING Spit Poison.
   450 | D:1      | 450 ||| INVOKING Spit Poison.
   456 | D:1      | 456 ||| INVOKING Spit Poison.
   462 | D:1      | 462 ||| INVOKING Spit Poison.
   614 | D:1      | 614 ||| UPGRADING to amulet of guardian spirit.
   619 | D:1      | 619 ||| READING 4 scrolls labelled RIMURE ECRIETZ.
   620 | D:1      | 620 ||| READING scroll labelled BORCHE BUOMN.
   624 | D:1      | 624 ||| DROPPING scroll of butterflies.
   634 | D:2      | 634 ||| INVOKING Spit Poison.
   637 | D:2      | 637 ||| INVOKING Spit Poison.
   638 | D:2      | Reached XP level 3. HP: 32/32 MP: 3/3
   646 | D:2      | 646 ||| INVOKING Spit Poison.
   652 | D:2      | 652 ||| INVOKING Spit Poison.
   682 | D:2      | 682 ||| INVOKING Spit Poison.
   699 | D:2      | 699 ||| INVOKING Spit Poison.
   705 | D:2      | 705 ||| INVOKING Spit Poison.
   762 | D:2      | 762 ||| INVOKING Spit Poison.
   783 | D:2      | 783 ||| INVOKING Spit Poison.
   802 | D:2      | 802 ||| INVOKING Spit Poison.
   808 | D:2      | 808 ||| INVOKING Spit Poison.
   883 | D:2      | 883 ||| INVOKING Spit Poison.
   884 | D:2      | Reached skill level 5 in Ranged Weapons
   884 | D:2      | Reached XP level 4. HP: 39/39 MP: 4/4
   893 | D:2      | 893 ||| INVOKING Spit Poison.
   898 | D:2      | 898 ||| INVOKING Spit Poison.
   958 | D:2      | 958 ||| INVOKING Spit Poison.
   979 | D:2      | 979 ||| INVOKING Spit Poison.
   982 | D:2      | 982 ||| INVOKING Spit Poison.
  1002 | D:2      | 1002 ||| INVOKING Spit Poison.
  1033 | D:2      | 1033 ||| INVOKING Spit Poison.
  1034 | D:2      | Reached skill level 3 in Fighting
  1106 | D:2      | 1106 ||| INVOKING Spit Poison.
  1112 | D:2      | 1112 ||| INVOKING Spit Poison.
  1206 | D:2      | 1206 ||| INVOKING Spit Poison.
  1289 | D:2      | 1289 ||| UPGRADING to +0 pair of gloves.
  1294 | D:2      | 1294 ||| READING scroll labelled JEWUES IHUAGG.
  1295 | D:2      | 1295 ||| READING 3 scrolls of identify.
  1295 | D:2      | 1295 ||| IDENTIFYING fuming red potion
  1296 | D:2      | 1296 ||| READING 2 scrolls of identify.
  1296 | D:2      | 1296 ||| IDENTIFYING white potion
  1297 | D:2      | 1297 ||| DROPPING potion of invisibility.
  1391 | D:3      | 1391 ||| INVOKING Spit Poison.
  1398 | D:3      | 1398 ||| INVOKING Spit Poison.
  1436 | D:3      | 1436 ||| INVOKING Spit Poison.
  1455 | D:3      | Found a faded altar of an unknown god.
  1480 | D:3      | 1480 ||| INVOKING Spit Poison.
  1482 | D:3      | Reached XP level 5. HP: 49/49 MP: 5/5
  1486 | D:3      | 1486 ||| INVOKING Spit Poison.
  1490 | D:3      | HP: 10/49 [gnoll/+0 whip (4)]
  1491 | D:3      | 1491 ||| READING scroll of teleportation.
  1492 | D:3      | 1492 ||| DRINKING potion of heal wounds.
  1493 | D:3      | 1493 ||| INVOKING Spit Poison.
  1615 | D:3      | 1615 ||| INVOKING Spit Poison.
  1686 | D:3      | Noticed Natasha
  1691 | D:3      | 1691 ||| INVOKING Spit Poison.
  1692 | D:3      | Killed Natasha
  1708 | D:3      | Noticed Natasha
  1710 | D:3      | 1710 ||| Stepping ~*~*~tactically~*~*~ (outnumbered).
  1717 | D:3      | 1717 ||| INVOKING Spit Poison.
  1721 | D:3      | Killed Natasha
  1754 | D:3      | Noticed Natasha
  1755 | D:3      | 1755 ||| INVOKING Spit Poison.
  1756 | D:3      | Killed Natasha
  1757 | D:3      | Reached skill level 6 in Ranged Weapons
  1757 | D:3      | Reached XP level 6. HP: 53/56 MP: 6/6
  1920 | D:3      | 1920 ||| INVOKING Spit Poison.
  2059 | D:3      | 2059 ||| INVOKING Spit Poison.
  2062 | D:3      | 2062 ||| INVOKING Spit Poison.
  2113 | D:3      | 2113 ||| INVOKING Spit Poison.
  2119 | D:3      | 2119 ||| INVOKING Spit Poison.
  2164 | D:3      | 2164 ||| READING 2 scrolls of identify.
  2164 | D:3      | 2164 ||| IDENTIFYING yellow potion
  2184 | D:4      | 2184 ||| PLANNING SEWER
  2192 | D:4      | 2192 ||| INVOKING Spit Poison.
  2231 | D:4      | 2231 ||| INVOKING Spit Poison.
  2481 | D:4      | 2481 ||| INVOKING Spit Poison.
  2529 | D:4      | 2529 ||| INVOKING Spit Poison.
  2603 | D:4      | 2603 ||| INVOKING Spit Poison.
  2607 | D:4      | 2607 ||| INVOKING Spit Poison.
  2610 | D:4      | 2610 ||| INVOKING Spit Poison.
  2637 | D:4      | 2637 ||| INVOKING Spit Poison.
  2641 | D:4      | 2641 ||| INVOKING Spit Poison.
  2642 | D:4      | Reached XP level 7. HP: 52/64 MP: 7/7
  2730 | D:4      | Found a glowing drain.
  2731 | D:4      | 2731 ||| DROPPING ring of magical power.
  2732 | D:4      | 2732 ||| UPGRADING to ring of willpower.
  2733 | D:4      | 2733 ||| READING scroll labelled VELUWOY BAOC.
  2734 | D:4      | 2734 ||| READING scroll labelled CACIOCW EKLIFYNTE.
  2740 | D:4      | 2740 ||| INVOKING Spit Poison.
  2748 | Sewer    | Entered a sewer
  2762 | Sewer    | 2762 ||| INVOKING Spit Poison.
  2765 | Sewer    | 2765 ||| INVOKING Spit Poison.
  2768 | Sewer    | 2768 ||| INVOKING Spit Poison.
  2771 | Sewer    | 2771 ||| INVOKING Spit Poison.
  2809 | Sewer    | 2809 ||| INVOKING Spit Poison.
  2813 | Sewer    | 2813 ||| INVOKING Spit Poison.
  2818 | Sewer    | 2818 ||| INVOKING Spit Poison.
  2822 | Sewer    | 2822 ||| INVOKING Spit Poison.
  2827 | Sewer    | 2827 ||| INVOKING Spit Poison.
  2834 | Sewer    | 2834 ||| INVOKING Spit Poison.
  2840 | Sewer    | 2840 ||| INVOKING Spit Poison.
  2967 | Sewer    | 2967 ||| INVOKING Spit Poison.
  2992 | Sewer    | 2992 ||| INVOKING Spit Poison.
  2999 | Sewer    | 2999 ||| INVOKING Spit Poison.
  3039 | Sewer    | 3039 ||| INVOKING Spit Poison.
  3045 | Sewer    | 3045 ||| INVOKING Spit Poison.
  3050 | Sewer    | 3050 ||| INVOKING Spit Poison.
  3068 | Sewer    | 3068 ||| INVOKING Spit Poison.
  3103 | Sewer    | 3103 ||| INVOKING Spit Poison.
  3109 | Sewer    | 3109 ||| INVOKING Spit Poison.
  3116 | Sewer    | 3116 ||| INVOKING Spit Poison.
  3119 | Sewer    | 3119 ||| INVOKING Spit Poison.
  3123 | Sewer    | 3123 ||| INVOKING Spit Poison.
  3127 | Sewer    | Reached skill level 7 in Ranged Weapons
  3133 | Sewer    | 3133 ||| INVOKING Spit Poison.
  3140 | Sewer    | 3140 ||| INVOKING Spit Poison.
  3144 | Sewer    | 3144 ||| INVOKING Spit Poison.
  3177 | Sewer    | 3177 ||| INVOKING Spit Poison.
  3208 | Sewer    | 3208 ||| INVOKING Spit Poison.
  3212 | Sewer    | 3212 ||| INVOKING Spit Poison.
  3229 | Sewer    | 3229 ||| INVOKING Spit Poison.
  3232 | Sewer    | 3232 ||| INVOKING Spit Poison.
  3237 | Sewer    | 3237 ||| INVOKING Spit Poison.
  3240 | Sewer    | 3240 ||| INVOKING Spit Poison.
  3246 | Sewer    | HP: 16/64 [bullfrog (4)]
  3247 | Sewer    | 3247 ||| READING scroll of teleportation.
  3248 | Sewer    | 3248 ||| INVOKING Spit Poison.
  3481 | Sewer    | 3481 ||| INVOKING Spit Poison.
  3486 | Sewer    | 3486 ||| INVOKING Spit Poison.
  3511 | Sewer    | 3511 ||| INVOKING Spit Poison.
  3572 | Sewer    | 3572 ||| READING 2 scrolls labelled WAFEATTAX.
  3573 | Sewer    | 3573 ||| DRINKING 2 glowing dark potions.
  3678 | Sewer    | 3678 ||| DRINKING 2 emerald potions.
  3679 | Sewer    | 3679 ||| DRINKING 2 fuming golden potions.
  3679 | Sewer    | Gained mutation: You do not regenerate when monsters are
                  | visible. [potion of mutation]
  3679 | Sewer    | Gained mutation: Your mind is acute. (Int +4, Str/Dex -1)
                  | [potion of mutation]
  3680 | Sewer    | 3680 ||| DRINKING potion of mutation.
  3680 | Sewer    | Lost mutation: Your mind is acute. (Int +4, Str/Dex -1)
                  | [potion of mutation]
  3680 | Sewer    | Lost mutation: You do not regenerate when monsters are
                  | visible. [potion of mutation]
  3680 | Sewer    | Gained mutation: You are partially covered in iridescent
                  | scales. (AC +2) [potion of mutation]
  3680 | Sewer    | Gained mutation: You are robust. (+10% HP) [potion of
                  | mutation]
  3680 | Sewer    | Gained mutation: Your muscles are strong. (Str +4, Int/Dex
                  | -1) [potion of mutation]
  3699 | Sewer    | 3699 ||| DROPPING potion of berserk rage.
  3700 | Sewer    | 3700 ||| DROPPING scroll of blinking.
  3703 | D:4      | 3703 ||| PLANNING D:1-11
  4065 | D:4      | 4065 ||| INVOKING Spit Poison.
  4072 | D:4      | 4072 ||| INVOKING Spit Poison.
  4232 | D:4      | 4232 ||| DRINKING 3 inky potions.
  4233 | D:4      | 4233 ||| DROPPING 2 potions of brilliance.
  4256 | D:5      | Entered Level 5 of the Dungeon
  4256 | D:5      | Found Cextaot's Distillery.
  4257 | D:5      | 4257 ||| INVOKING Spit Poison.
  4260 | D:5      | 4260 ||| INVOKING Spit Poison.
  4263 | D:5      | 4263 ||| STAIRDANCE
  4272 | D:4      | Reached skill level 8 in Ranged Weapons
  4272 | D:4      | Reached XP level 8. HP: 42/79 MP: 5/8
  4387 | D:5      | 4387 ||| BUYING potion of haste (100 gold).
  4387 | D:5      | Bought a potion of haste for 100 gold pieces
  4387 | D:5      | 4387 ||| BUYING potion of heal wounds (50 gold).
  4387 | D:5      | Bought a potion of heal wounds for 50 gold pieces
  4387 | D:5      | 4387 ||| BUYING potion of mutation (80 gold).
  4387 | D:5      | Bought a potion of mutation for 80 gold pieces
  4406 | D:5      | 4406 ||| INVOKING Spit Poison.
  4415 | D:5      | Found Fuomoiqevi's Weapon Emporium.
  4419 | D:5      | 4419 ||| SHOPLISTING +0 orcbow (38 gold, have 18).
  4419 | D:5      | 4419 ||| SHOPLISTING +5 orcbow of draining (366 gold, have
                  | 18).
  4459 | D:5      | 4459 ||| INVOKING Spit Poison.
  4462 | D:5      | 4462 ||| INVOKING Spit Poison.
  4468 | D:5      | 4468 ||| INVOKING Spit Poison.
  4475 | D:5      | 4475 ||| INVOKING Spit Poison.
  4485 | D:5      | 4485 ||| INVOKING Spit Poison.
  4492 | D:5      | 4492 ||| INVOKING Spit Poison.
  4496 | D:5      | 4496 ||| INVOKING Spit Poison.
  4500 | D:5      | 4500 ||| INVOKING Spit Poison.
  4505 | D:5      | 4505 ||| INVOKING Spit Poison.
  4508 | D:5      | 4508 ||| INVOKING Spit Poison.
  4786 | D:5      | 4786 ||| INVOKING Spit Poison.
  4792 | D:5      | 4792 ||| INVOKING Spit Poison.
  4795 | D:5      | 4795 ||| INVOKING Spit Poison.
  4801 | D:5      | 4801 ||| INVOKING Spit Poison.
  4805 | D:5      | 4805 ||| INVOKING Spit Poison.
  4811 | D:5      | 4811 ||| INVOKING Spit Poison.
  4989 | D:5      | 4989 ||| INVOKING Spit Poison.
  4996 | D:5      | 4996 ||| INVOKING Spit Poison.
  5001 | D:5      | 5001 ||| INVOKING Spit Poison.
  5060 | D:5      | Found Neular's Antique Armour Shop.
  5072 | D:5      | 5072 ||| SHOPLISTING pair of translucent gloves (266 gold,
                  | have 32).
  5118 | D:5      | Reached skill level 9 in Ranged Weapons
  5127 | D:5      | 5127 ||| INVOKING Spit Poison.
  5242 | D:5      | Reached skill level 1 in Armour
  5265 | D:5      | 5265 ||| INVOKING Spit Poison.
  5273 | D:5      | 5273 ||| INVOKING Spit Poison.
  5278 | D:5      | 5278 ||| INVOKING Spit Poison.
  5282 | D:5      | 5282 ||| INVOKING Spit Poison.
  5359 | D:5      | 5359 ||| INVOKING Spit Poison.
  5377 | D:5      | 5377 ||| READING scroll labelled ISIQISEJEE.
  5378 | D:5      | Found Cepoffug's Jewellery Shoppe.
  5471 | D:5      | 5471 ||| SHOPLISTING amulet of reflection (390 gold, have
                  | 46).
  5471 | D:5      | 5471 ||| SHOPLISTING amulet of the acrobat (390 gold, have
                  | 46).
  5471 | D:5      | 5471 ||| SHOPLISTING ring "Hatuzol" {Wiz rF+ Int+2} (626
                  | gold, have 46).
  5471 | D:5      | 5471 ||| SHOPLISTING ring of protection from fire (325
                  | gold, have 46).
  5484 | D:5      | 5484 ||| INVOKING Spit Poison.
  5651 | D:5      | Found Moptusir's Weapon Boutique.
  5857 | D:5      | 5857 ||| READING 2 scrolls of identify.
  5857 | D:5      | 5857 ||| IDENTIFYING fuming clear potion
  5858 | D:5      | 5858 ||| DROPPING potion of ambrosia.
  5970 | D:6      | 5970 ||| INVOKING Spit Poison.
  6030 | D:6      | Found a shimmering altar of Xom.
  6031 | D:6      | Found a hazy altar of Hepliaklqana.
  6032 | D:6      | Noticed a spectral ugly thing
  6087 | D:6      | Reached skill level 6 in Fighting
  6087 | D:6      | Reached XP level 9. HP: 66/90 MP: 6/9
  6351 | D:6      | 6351 ||| INVOKING Spit Poison.
  6365 | D:6      | Found a staircase to the Ecumenical Temple.
  6366 | D:6      | 6366 ||| PLANNING TEMPLE
  6366 | D:6      | 6366 ||| READING scroll labelled WOSUMO SOPHOCA.
  6429 | D:6      | 6429 ||| INVOKING Spit Poison.
  6435 | D:6      | 6435 ||| DRINKING 2 dark potions.
  6436 | D:6      | 6436 ||| READING 2 scrolls of identify.
  6436 | D:6      | 6436 ||| IDENTIFYING blue potion
  6437 | D:6      | 6437 ||| DROPPING potion of degeneration.
  6446 | Temple   | Entered the Ecumenical Temple
  6447 | Temple   | 6447 ||| PLANNING OKAWARU WORSHIP
  6452 | Temple   | Became a worshipper of Warmaster Okawaru
  6453 | Temple   | 6453 ||| PLANNING D:1-11
  6453 | Temple   | 6453 ||| REMOVING amulet of guardian spirit.
  6458 | Temple   | 6458 ||| DROPPING amulet of guardian spirit.
  6480 | D:6      | 6480 ||| INVOKING Spit Poison.
  6486 | D:6      | 6486 ||| INVOKING Spit Poison.
  6490 | D:6      | 6490 ||| INVOKING Spit Poison.
  6493 | D:6      | 6493 ||| INVOKING Spit Poison.
  6500 | D:6      | 6500 ||| INVOKING Spit Poison.
  6504 | D:6      | 6504 ||| INVOKING Spit Poison.
  6807 | D:6      | Reached skill level 3 in Dodging
  6929 | D:6      | 6929 ||| INVOKING Spit Poison.
  6937 | D:6      | 6937 ||| INVOKING Spit Poison.
  6974 | D:6      | 6974 ||| INVOKING Spit Poison.
  6981 | D:6      | 6981 ||| INVOKING Spit Poison.
  7082 | D:6      | 7082 ||| READING 2 scrolls of identify.
  7082 | D:6      | 7082 ||| IDENTIFYING black potion
  7083 | D:6      | 7083 ||| DROPPING potion of attraction.
  7155 | D:7      | 7155 ||| INVOKING Spit Poison.
  7183 | D:7      | 7183 ||| INVOKING Spit Poison.
  7186 | D:7      | Noticed a hornet
  7189 | D:7      | 7189 ||| Stepping ~*~*~tactically~*~*~ (outnumbered).
  7190 | D:7      | 7190 ||| INVOKING Spit Poison.
  7191 | D:7      | 7191 ||| Stepping ~*~*~tactically~*~*~ (outnumbered).
  7195 | D:7      | 7195 ||| INVOKING Spit Poison.
  7203 | D:7      | 7203 ||| INVOKING Spit Poison.
  7207 | D:7      | HP: 17/90 [hornet (7)]
  7207 | D:7      | HP: 2/90 [hornet (15)]
  7208 | D:7      | 7208 ||| READING 2 scrolls of teleportation.
  7209 | D:7      | 7209 ||| DRINKING potion of heal wounds.
  7210 | D:7      | 7210 ||| INVOKING Spit Poison.
  7210 | D:7      | Mangled by a hornet

Levels and vault maps discovered:
D:1:      lightli_arrival_statuegarden, layout_rooms
D:2:      layout_basic
D:3:      layout_basic, shapermc_ecumenical_altar_mp_urbaneastern,
          kennysheep_generic_room_7, uniq_natasha
D:4:      black_bear_nest_2, layout_layer_cave, cheibrodos_sewer_entry_bend
D:5:      layout_basic, serial_shops, nicolae_shop_tiny_statue_garden,
          nicolae_shop_advertising_works [nicolae_subvault_shop_adworks], shop,
          nicolae_stop_n_shop_1, nicolae_shop_trees
D:6:      layout_gridville, regret_index_temple_of_mockery,
          minmay_temple_entry_sparse_star, hangedman_decor_push,
          minmay_misc_feat_roman, minmay_tree_intersection
D:7:      layout_cave_pools, mainiacjoe_overflow_alcove_4
Temple:   sentei_temple_godly_chess

Skill      XL: |  1  2  3  4  5  6  7  8  9 |
---------------+----------------------------+-----
Ranged Weapons | 4 5 6 8 9 |  9.7
Fighting       | 3 4 6 |  6.2
Dodging        | 2 3 |  3.2
Armour         | 1 |  1.3
Stealth        | |  1.5

Action                     |  1- 3 |  4- 6 |  7- 9 || total
---------------------------+-------+-------+-------++-------
   Fire: Shortbow          |    78 |   116 |   395 ||   589
Ability: Spit Poison       |    29 |    34 |    88 ||   151
    Use: Scroll            |     2 |     5 |    10 ||    17
         Potion            |       |     1 |     7 ||     8
 Armour: Leather armour    |    20 |    20 |   111 ||   151
  Dodge: Dodged            |    42 |    37 |   152 ||   231

Table legend:
 A = Non-vault XP
 B = Vault XP
 C = Vault XP percentage of total XP
 D = Non-vault monster count
 E = Vault monster count
 F = Vault count percentage of total count
                 A         B        C        D         E       F
            +---------+---------+-------+---------+---------+-------
      Total |    2556 |     595 |  18.9 |     116 |      55 |  32.2
            +---------+---------+-------+---------+---------+-------
        D:1 |      31 |       0 |   0.0 |      18 |       0 |   0.0
        D:2 |     117 |       0 |   0.0 |      20 |       0 |   0.0
        D:3 |     166 |      42 |  20.2 |      17 |       4 |  19.0
        D:4 |     404 |     136 |  25.2 |      11 |       2 |  15.4
        D:5 |     860 |       0 |   0.0 |      29 |       0 |   0.0
        D:6 |     695 |       0 |   0.0 |      16 |       0 |   0.0
        D:7 |     283 |       0 |   0.0 |       5 |       0 |   0.0
      Sewer |       0 |     417 | 100.0 |       0 |      49 | 100.0
            +---------+---------+-------+---------+---------+-------
